 Dungeon Crawl Stone Soup version 0.25.1-8-g42b30a86e7 (webtiles) character file.

Game seed: 10031150351914724344

3892 Gabide the Covert (level 10, -1/51 HPs)
             Began as a Vine Stalker Assassin on Dec 11, 2020.
             Slain by a yak (3 damage)
             ... on level 8 of the Dungeon.
             The game lasted 00:16:18 (5527 turns).

Gabide the Covert (Vine Stalker Assassin)           Turns: 5527, Time: 00:16:19

Health: -1/51      AC:  8    Str: 15    XL:     10   Next: 19%
Magic:  0/11       EV: 18    Int: 16    God:
Gold:   313        SH:  0    Dex: 18    Spells: 9/9 levels left

rFire    . . .     SeeInvis .   a - +9 falchion of the Shining Light {drain, Int+5}
rCold    . . .     Gourm    .   (no shield)
rNeg     . . .     Faith    .   v - +0 robe {MR+}
rPois    .         Spirit   +   z - +0 helmet
rElec    .         Reflect  .   F - +2 cloak
rCorr    .         Harm     .   L - +0 pair of gloves
MR       ++...                  m - +0 pair of boots
Stlth    +++++.....             (no amulet)
HPRegen  0.57/turn              s - +4 ring of evasion
MPRegen  0.12/turn              c - +4 ring of slaying

@: about to teleport
A: fangs 3, regeneration 1, magic shield, antimagic bite, no potion heal 3, rot
immunity
a: no special abilities


You were on level 8 of the Dungeon.
You were hungry.

You visited 1 branch of the dungeon, and saw 8 of its levels.

You collected 313 gold pieces.

Inventory:

Hand Weapons
 a - the +9 falchion of the Shining Light (weapon) {drain, Int+5}
   (You found it on level 5 of the Dungeon)

   A truly terrible weapon, it drains the life of those it strikes.
   It affects your intelligence (+5).
 l - a +2 falchion of holy wrath
 t - a +0 dagger of venom
Missiles
 d - 70 poisoned darts (quivered)
 h - 6 boomerangs
 A - 2 curare-tipped darts
Armour
 m - a +0 pair of boots (worn)
 v - a +0 robe of magic resistance (worn)
 z - a +0 helmet (worn)
 F - a +2 cloak (worn)
 L - a +0 pair of gloves (worn)
Jewellery
 c - a +4 ring of slaying (right hand)
 q - an uncursed ring of stealth
 s - a +4 ring of evasion (left hand)
Wands
 B - a wand of polymorph (7)
 H - a wand of disintegration (5)
 I - a wand of iceblast (9)
Scrolls
 i - a scroll of teleportation
 k - 3 scrolls of magic mapping
 n - 3 scrolls of remove curse
 y - a scroll of fog
 D - a scroll of amnesia
 G - a scroll of immolation {unknown}
 J - a scroll of identify
 M - a scroll of acquirement {unknown}
Potions
 b - 2 potions of might {unknown}
 e - 2 potions of heal wounds {unknown}
 g - 3 potions of haste {unknown}
 j - 3 potions of lignification
 o - a potion of stabbing {unknown}
 p - 2 potions of berserk rage {unknown}
 r - 2 potions of curing {unknown}
 u - a potion of cancellation {unknown}
 w - a potion of resistance
 x - a potion of ambrosia {unknown}
 C - 2 potions of invisibility {unknown}
 K - a potion of mutation {unknown}
Comestibles
 f - 12 rations
 E - 8 chunks of flesh


   Skills:
 + Level 4.4 Fighting
 - Level 3.3(6.1) Short Blades
 * Level 7.9(8.3) Long Blades
 + Level 4.9 Throwing
 + Level 4.0 Dodging
 + Level 10.3 Stealth


You had 9 spell levels left.
You didn't know any spells.
Your spell library contained the following spells:

 Spells                   Type           Power        Failure   Level  Hunger
 Animate Skeleton         Necr           N/A          26%         1    ##.....
 Pain                     Necr           #...         26%         1    ##.....
 Vampiric Draining        Necr           #.........   58%         3    ####...
 Animate Dead             Necr           N/A          94%         4    #####..
 Agony                    Necr           #.......     100%        5    ######.


Dungeon Overview and Level Annotations

Branches:
Dungeon (8/15)             Temple (0/1) D:5
   Lair: D:8-11

Altars:
Ashenzari
Cheibriados
Fedhas
Nemelex Xobeh
Okawaru
Ru
Sif Muna
Vehumet
Wu Jian
Yredelemnul
Zin

Shops:
D:6 =


Innate Abilities, Weirdness & Mutations

You have razor-sharp teeth.
Your natural rate of healing is unusually fast.
When hurt, damage is shared between your health and your magic reserves.
Your bite disrupts and absorbs the magic of your enemies.
Potions cannot restore your health.
You are immune to rotting.


Message History

The yak closely misses you. The yak gores you but does no damage.
The crocodile bites you! The crocodile closely misses you.
You slash the crocodile! Your bite misses the crocodile.
The crocodile is heavily wounded.
The yak misses you. The yak gores you!
* * * LOW HITPOINT WARNING * * *
The yak closely misses you. The crocodile bites you!
* * * LOW HITPOINT WARNING * * *
The crocodile misses you.
The yak snorts and paws the ground.
The yak gores you.
* * * LOW HITPOINT WARNING * * *
The yak gores you.
* * * LOW HITPOINT WARNING * * *
You see here a scroll labeled PAYRIT PEFIOBB.
Okay, then.
As you read the scroll of teleportation, it crumbles to dust.
You feel strangely unstable. The yak gores you but does no damage.
The yak gores you.
You die...

.. ##P. ......
..##......... .......#....
.... .......#... .## .....
.......... ..# .......
.......Y.# ..# .......
......Yt.## ..# (.....r#
......YtY.###..# ........
#......@..#....#
........####.##.........##
(........##..#.......÷...#
.........###......####...#
....%....#......#....#...#
................##....#.##
.......##.......####.####
.......†..........#...#
...#####.#.[...).....##


You could see 4 yaks and 2 crocodiles.

Vanquished Creatures
  2 hippogriffs (D:7)
  Eustachio (D:5)
  A yak (D:8)
  A water moccasin (D:6)
  2 porcupines (D:8)
  An ice beast (D:5)
  4 sky beasts
  A black bear (D:8)
  3 centaurs
  2 phantoms
  4 ogres
  5 bullfrogs
  A water moccasin skeleton (D:6)
  5 killer bees (D:8)
  4 crimson imps
  2 bullfrog zombies (D:5)
  4 hounds
  A centaur zombie (D:8)
  2 orc priests
  A centaur skeleton (D:4)
  3 orc wizards
  4 iguanas
  6 worker ants
  A killer bee zombie (D:8)
  A hound skeleton (D:4)
  7 gnolls
  7 adders
  3 shadow imps
  3 oozes
  2 worms
  3 dart slugs
  5 leopard geckos
  13 orcs
  2 giant cockroaches
  6 goblins
  A hobgoblin (D:1)
  3 jackals (D:5)
  4 kobolds
  2 quokkas
  5 bats (D:2)
  4 frilled lizards
  A jackal skeleton (D:4)
  A leopard gecko skeleton (D:4)
  A quokka zombie (D:5)
  11 rats
146 creatures vanquished.

Vanquished Creatures (others)
  A bush (D:8)
  4 plants (D:8)
5 creatures vanquished.

Grand Total: 151 creatures vanquished

Notes
Turn   | Place    | Note
-------+----------+-------------------------------------------
     0 | D:1      | Gabide the Vine Stalker Assassin began the quest for the
                  | Orb.
     0 | D:1      | Reached XP level 1. HP: 11/11 MP: 2/2
   417 | D:1      | Reached XP level 2. HP: 15/15 MP: 3/3
   616 | D:1      | Reached skill level 5 in Stealth
   923 | D:2      | Found a shattered altar of Ashenzari.
   956 | D:2      | Reached XP level 3. HP: 17/18 MP: 4/4
   983 | D:2      | Found a radiant altar of Vehumet.
  1404 | D:2      | Reached skill level 1 in Dodging
  1627 | D:2      | Gained mutation: Your natural rate of healing is unusually
                  | fast. [Vine Stalker growth]
  1627 | D:2      | Reached XP level 4. HP: 23/23 MP: 5/5
  2225 | D:3      | Reached XP level 5. HP: 21/27 MP: 6/6
  2465 | D:4      | Noticed an ogre
  2472 | D:4      | Killed an ogre
  2472 | D:4      | Reached skill level 6 in Stealth
  2472 | D:4      | Reached XP level 6. HP: 32/32 MP: 7/7
  2486 | D:4      | Noticed a phantom
  2503 | D:4      | Killed a phantom
  2603 | D:4      | Found a glowing silver altar of Zin.
  2604 | D:4      | Noticed an angel
  2756 | D:4      | Reached XP level 7. HP: 35/35 MP: 8/8
  2993 | D:4      | Reached skill level 7 in Stealth
  2998 | D:4      | Reached skill level 1 in Long Blades
  3030 | D:5      | Entered Level 5 of the Dungeon
  3215 | D:5      | Got a shimmering falchion
  3216 | D:5      | Identified the +9 falchion of the Shining Light {drain,
                  | Int+5} (You found it on level 5 of the Dungeon)
  3258 | D:5      | Got an iridescent whip
  3259 | D:5      | Identified the +8 whip of Dishonour {speed, Fragile rElec
                  | rN+} (You found it on level 5 of the Dungeon)
  3384 | D:5      | Reached skill level 8 in Stealth
  3384 | D:5      | Gained mutation: You have razor-sharp teeth. [Vine Stalker
                  | growth]
  3384 | D:5      | Reached XP level 8. HP: 39/40 MP: 9/9
  3483 | D:5      | Found an ornate altar of the Wu Jian Council.
  3642 | D:5      | Noticed Eustachio
  3649 | D:5      | Killed Eustachio
  3806 | D:5      | Found a staircase to the Ecumenical Temple.
  3902 | D:6      | Found a basalt altar of Yredelemnul.
  3904 | D:6      | Found a sacrificial altar of Ru.
  3904 | D:6      | Found a shimmering blue altar of Sif Muna.
  3913 | D:6      | Found a snail-covered altar of Cheibriados.
  3950 | D:6      | Reached skill level 9 in Stealth
  4006 | D:6      | Reached XP level 9. HP: 42/45 MP: 10/10
  4068 | D:6      | Found Mayre's Jewellery Boutique.
  4342 | D:6      | Reached skill level 5 in Long Blades
  4505 | D:6      | Found a sparkling altar of Nemelex Xobeh.
  5049 | D:7      | Found an iron altar of Okawaru.
  5244 | D:7      | Found a blossoming altar of Fedhas.
  5352 | D:8      | Reached skill level 10 in Stealth
  5436 | D:8      | Reached XP level 10. HP: 40/50 MP: 11/11
  5526 | D:8      | HP: 2/51 [yak (1)]
  5527 | D:8      | Slain by a yak

Illustrated notes

Levels and vault maps discovered:
D:1:      tarquinn_simple_flora_water_b, layout_loops_ring
D:2:      layout_rooms, nicolae_overflow_hidden_temple, ashenzari_altar_1,
          fiery_altar_vehumet, kennysheep_generic_room_3
D:3:      layout_rooms
D:4:      layout_gridville, zin_angel, first_ration, kennysheep_generic_room_10
D:5:      layout_basic, kennysheep_mini_moat, minmay_temple_entry_from_below_a,
          uniq_eustachio
D:6:      layout_layer_cave, nemelex_xobeh_ov_fountains_minmay,
          chequers_temple_overflow_statue_of_worship, serial_shops, shop
D:7:      layout_basic, old_standard_altar, basic_altar
D:8:      layout_cave_pools, minmay_lair_entry_grove, serial_shops, shop

Skill      XL: |  1  2  3  4  5  6  7  8  9 10 |
---------------+-------------------------------+-----
Fighting       | 2 3 4 |  4.4
Throwing       | 2 3 4 |  4.9
Stealth        | 5 6 8 9 10 | 10.3
Short Blades   | 2 3 |  3.3
Dodging        | 1 2 3 4 |  4.0
Long Blades    | 2 4 7 |  7.9

Action                   |  1- 3 |  4- 6 |  7- 9 | 10-12 || total
-------------------------+-------+-------+-------+-------++-------
Melee: Dagger            |    50 |    28 |     9 |       ||    87
       Bite              |    10 |    13 |    43 |    12 ||    78
       Falchion          |       |    22 |   136 |    30 ||   188
Throw: Dart              |    51 |    15 |    24 |     1 ||    91
  Use: Scroll            |     7 |     2 |     2 |     1 ||    12
 Stab: Sleeping          |     7 |    10 |    18 |     1 ||    36
       Distracted        |       |       |       |     1 ||     1
  Eat: Chunk             |     2 |     4 |     8 |       ||    14
Armor: Robe              |    21 |     2 |    34 |    12 ||    69
Dodge: Dodged            |    23 |    30 |   138 |    31 ||   222
       Rpst.: Falchion   |       |     7 |    37 |     6 ||    50
